Map: Dusk Towers

Players

Lucas - Winner!

  • Race: Terran Terran
  • League: Diamond

LilDicky

  • Race: Terran Terran
  • League: Diamond

VOD

http://www.twitch.tv/tumescentpie

Description

Time

  • Played on: Nov. 23, 2015, 1:49 p.m.
  • Length: 9:08
Show
View Real Time Build Order
Export as new Build Order

Lucas Terran - Winner!

Build Orders: Reaper Expand, Hellion Banshee, Mech 

Get SALT Encoding   

  12  0:00  SCV  
  13  0:13  SCV  
  14  0:17  Supply Depot  
  14  0:25  SCV  
  15  0:39  SCV  
  15  0:41  Barracks  
  16  0:45  Refinery  
  16  0:51  SCV  
  17  1:03  SCV  
  18  1:15  SCV  
  19  1:28  Reaper  
  19  1:29  Orbital Command  
  20  1:43  Command Center  
  20  1:51  Supply Depot  
  20  1:55  Refinery  
  20  1:59  SCV  
  21  2:02  Marine  
  22  2:11  SCV  
  23  2:16  Factory  
  23  2:22  Barracks Reactor  
  23  2:23  SCV  
  24  2:35  SCV  
  25  2:47  SCV  
  26  2:57  Orbital Command  
  26  2:59  SCV  
  26  3:04  Barracks Tech Lab  
  26  3:05  Starport  
  26  3:11  SCV  
  27  3:16  Hellion x2  
  31  3:23  SCV  
  31  3:25  SCV  
  33  3:27  Marine  
  32  3:35  SCV  
  32  3:37  SCV, Hellion  
  32  3:38  Hellion  
  38  3:48  SCV  
  39  3:49  SCV  
  40  3:58  Barracks Tech Lab  
  40  3:59  Refinery  
  40  4:00  SCV  
  40  4:01  SCV  
  42  4:03  Factory  
  42  4:05  Banshee  
  42  4:06  Cloaking Field  
  45  4:12  SCV  
  46  4:17  Supply Depot  
  46  4:18  Supply Depot  
  46  4:29  Barracks Reactor  
  46  4:39  SCV x2, Hellion x2  
  52  4:48  Raven  
  52  4:51  SCV x2  
  56  5:03  SCV x2  
  58  5:07  Marine x2  
  58  5:09  Hellion  
  62  5:14  Supply Depot  
  62  5:15  Supply Depot  
  62  5:17  Supply Depot  
  61  5:24  Marine  
  61  5:28  Marine  
  62  5:32  Viking  
  62  5:35  Hellion  
  62  5:36  Siege Tank  
  62  5:42  Marine  
  63  5:46  Marine  
  65  5:53  SCV x2  
  67  5:57  Refinery  
  67  6:05  SCV x2  
  67  6:10  Command Center  
  66  6:13  Command Center  
  66  6:15  Hellion  
  66  6:16  Hellion, Factory  
  66  6:17  Siege Tank  
  73  6:26  SCV x2, Factory  
  73  6:27  Starport Reactor  
  75  6:38  SCV  
  75  6:39  SCV  
  77  6:42  Hellion x2  
  77  6:44  Infernal Pre-Igniter  
  81  6:49  Siege Tank  
  81  6:50  Armory  
  81  6:51  SCV x2  
  86  6:57  Supply Depot x2  
  86  6:58  Supply Depot  
  76  7:03  SCV  
  69  7:08  Liberator x2  
  66  7:23  Hellion x2, Siege Tank  
  66  7:28  Orbital Command x2  
  79  7:33  Refinery  
  79  7:34  SCV  
  79  7:35  SCV, Refinery  
  81  7:41  Hellion  
  83  7:46  SCV  
  83  7:47  SCV  
  85  7:56  SCV x2  
  85  7:58  SCV, Hellion  
  90  7:59  SCV, Hellion x2  
  90  8:04  Siege Tank  
  98  8:08  SCV x2  
  98  8:12  SCV x2  
  102  8:20  SCV x2  
  102  8:24  SCV x2  
  104  8:34  Hellion  
  104  8:35  Hellion x2  
  104  8:37  Hellion  
  104  8:40  SCV x3  
  109  8:58  Factory  
  109  9:01  Factory x2  
Show
View Real Time Build Order
Export as new Build Order

LilDicky Terran 

Build Orders: MMM Bio, Banshee Rush 

Get SALT Encoding   

  12  0:01  SCV  
  13  0:14  SCV  
  14  0:18  Supply Depot  
  14  0:26  SCV  
  14  0:28  Refinery  
  15  0:39  SCV  
  16  0:51  Barracks  
  16  0:52  SCV  
  17  1:04  SCV  
  18  1:16  SCV  
  19  1:28  SCV  
  20  1:40  Reaper, Orbital Command  
  21  1:50  Command Center  
  21  1:59  Factory  
  21  2:05  Refinery  
  21  2:10  Supply Depot  
  21  2:15  Reaper  
  22  2:18  SCV  
  23  2:31  SCV  
  23  2:44  SCV, Hellion  
  23  2:47  Marine  
  23  2:48  Starport  
  26  2:56  SCV  
  26  3:06  Factory Tech Lab  
  26  3:08  SCV, Marine  
  26  3:10  Orbital Command  
  28  3:20  SCV  
  28  3:26  Marine  
  30  3:44  Banshee, Cloaking Field  
  30  3:46  Marine  
  33  3:52  Widow Mine  
  35  3:57  SCV x2  
  37  4:04  Marine  
  37  4:09  SCV x2, Engineering Bay  
  40  4:17  Refinery x2  
  40  4:21  SCV, Marine, Widow Mine  
  40  4:22  SCV  
  45  4:29  Supply Depot  
  45  4:33  SCV  
  46  4:51  Banshee  
  49  4:53  SCV  
  49  5:04  SCV  
  50  5:07  SCV  
  50  5:11  Marine  
  52  5:14  Command Center  
  52  5:16  Supply Depot  
  52  5:18  Supply Depot  
  52  5:28  Factory Tech Lab  
  52  5:29  Marine  
  53  5:38  Banshee, SCV  
  53  5:42  Barracks  
  54  5:43  Barracks  
  54  5:44  Barracks  
  54  5:48  SCV, Marine  
  56  5:50  SCV  
  54  6:03  Missile Turret  
  50  6:11  Missile Turret  
  50  6:14  SCV  
  51  6:25  SCV  
  52  6:26  SCV  
  52  6:29  Missile Turret, Marine  
  52  6:32  Barracks Reactor, Barracks Tech Lab x2  
  54  6:45  SCV x2  
  57  6:47  Starport Reactor  
  57  6:50  Orbital Command  
  57  6:52  Marine  
  57  6:56  Stimpack  
  41  7:23  Marine x3  
  41  7:24  Marine x2  
  41  7:26  Siege Tank  
  41  7:29  Viking x2  
  53  7:30  SCV x2  
  53  7:32  SCV  
  53  7:35  Supply Depot  
  56  7:38  Combat Shields  
  56  7:41  Marine x4  
  56  7:42  SCV x2, Marine  
  56  7:44  Supply Depot, SCV  
  64  7:54  SCV x2  
  66  7:59  Medivac x2, Marine x3  
  66  8:03  Marine x2  
  75  8:06  Siege Tank  
  75  8:10  SCV  
  75  8:11  SCV x2  
  81  8:17  Marine  
  82  8:21  Marauder  
  82  8:22  SCV  
  62  8:34  Marine x2  
  62  8:35  Marauder  
  62  8:36  SCV  
  66  8:43  Marauder  
Tags
 
Add a new tag
Caveats
  • Supply blocks, unpowered buildings, or Contaminate may cause inaccurate times.
  • Supply counts are checked every 10 seconds.